 Dungeon Crawl Stone Soup version 0.32-a0-999-gfa1cc04b1d (webtiles) character file.

Game seed: 17084344110130258996

88715 Shayle the Carver (level 15, -4/116 HPs)
             Began as a Coglin Alchemist on Apr 23, 2024.
             Was the Champion of Vehumet.
             Killed by divine providence
             ... invoked by Saint Roka
              (13 damage)
             ... on level 2 of the Orcish Mines on Apr 24, 2024.
             The game lasted 01:51:35 (27891 turns).

Shayle the Carver (Coglin Alchemist)               Turns: 27891, Time: 01:51:35

Health: -4/116     AC: 13    Str:  9    XL:     15   Next: 94%
Magic:  8/30       EV: 14    Int: 22    God:    Vehumet [******]
Gold:   1284       SH:  0    Dex: 14    Spells: 4/36 levels left

rFire   + . .        y - +2 trident (protect) {Wenzel}
rCold   + . .        l - +2 trident of the Dull God {flame, rElec rPois rC+ Stlth+}
rNeg    . . .        G - +1 robe {rF+}
rPois   +            g - +1 helmet
rElec   +            J - +1 cloak
rCorr   +            B - +2 pair of gloves
SInv    .            q - +1 pair of boots
Will    +....        (amulet unavailable)
Stlth   +++          (ring unavailable)
HPRegen 0.39/turn    (ring unavailable)
MPRegen 0.22/turn    Q - pneumatic gyrosubsystem {rPois rCorr Slay+3 Clar RMsl}

%: repel missiles, clarity
@: studying Long Blades
A: off-hand wielding, slow wielding, warmup strikes, no jewellery
a: Renounce Religion


You were on level 2 of the Orcish Mines.
You worshipped Vehumet.
Vehumet was exalted by your worship.
You visited 4 branches of the dungeon, and saw 19 of its levels.
You also visited: Sewer, Ice Cave and Volcano.

You collected 2053 gold pieces.
You spent 769 gold pieces at shops.

Inventory:

Hand Weapons
 j - a +0 long sword
 l - the +2 trident of the Dull God (offhand) {flame, rElec rPois rC+ Stlth+}
   (You found it on level 2 of the Lair of Beasts)

   rC+:       It protects you from cold.
   rElec:     It insulates you from electricity.
   rPois:     It protects you from poison.
   Stlth+:    It makes you more stealthy.
 s - a +1 falchion of freezing {Feng}
 y - a +2 trident of protection (weapon) {Wenzel}
Missiles
 o - a throwing net
 O - 5 curare-tipped darts
Armour
 b - a +1 troll leather armour {Snorg}
 g - a +1 helmet (worn)
 i - a +2 crystal plate armour of cold resistance
 q - a +1 pair of boots (worn)
 v - +0 acid dragon scales
 B - a +2 pair of gloves (worn)
 G - a +1 robe of fire resistance (worn)
 J - a +1 cloak (worn)
 K - a +0 leather armour of fire resistance
Gizmo
 Q - a pneumatic gyrosubsystem (installed) {rPois rCorr Slay+3 Clar RMsl}
   (You invented it yourself on level 3 of the Lair of Beasts)

   [pneumatic gyrosubsystem]

   Slay+3:    It affects your accuracy & damage with ranged weapons and melee
   (+3).
   rPois:     It protects you from poison.
   Clar:      It protects you from confusion, rage, mesmerisation and fear.
   RMsl:      It protects you from missiles.
   rCorr:     It protects you from acid and corrosion.
Wands
 n - a wand of polymorph (8)
 x - a wand of digging (6)
 C - a wand of warping (8)
 L - a wand of mindburst (5)
 N - a wand of charming (1)
 V - a wand of flame (11)
Scrolls
 c - 2 scrolls of silence
 e - 5 scrolls of revelation
 p - 2 scrolls of teleportation
 r - 3 scrolls of fog
 u - 3 scrolls of immolation
 A - 5 scrolls of amnesia
 D - a scroll of butterflies {unknown}
 H - a scroll of enchant weapon
Potions
 d - 4 potions of haste
 f - 3 potions of curing
 h - 4 potions of degeneration
 k - 4 potions of brilliance
 m - a potion of ambrosia
 w - 3 potions of resistance
 z - 2 potions of mutation
 E - a potion of berserk rage
 M - a potion of lignification
 P - a potion of attraction
 R - a potion of enlightenment
 S - a potion of might


   Skills:
 - Level 10.3 Fighting
 - Level 12.1 Long Blades
 - Level 6.9 Ranged Weapons
 - Level 6.1 Armour
 - Level 7.2 Dodging
 - Level 1.5 Stealth
 * Level 11.4 Spellcasting
 - Level 0.8 Conjurations
 + Level 11.0 Fire Magic
 - Level 11.5 Air Magic
 - Level 3.2 Alchemy


You had 4 spell levels left.
You knew the following spells:

 Your Spells              Type           Power      Damage    Failure   Level
a - Sting                 Conj/Alch      84%        1d8       1%          1
b - Mephitic Cloud        Conj/Alch/Air  35%        N/A       1%          3
c - Olgreb's Toxic Radia  Alch           27%        N/A       4%          4
d - Sticky Flame          Fire/Alch      44%        2d8       1%          4
e - Ignite Poison         Fire/Alch      44%        N/A       1%          4
f - Airstrike             Air            29%        2d(5-21)  1%          4
g - Plasma Beam           Fire/Air       29%        2x1d41    2%          6
h - Eringya's Noxious Bo  Alch           13%        4d6       45%         6

Your spell library contained the following spells:

 Spells                   Type           Power      Damage    Failure   Level
 Freezing Cloud           Conj/Ice/Air   15%        6-21      7%          5
 Freeze                   Ice            48%        1d6       1%          1
 Mercury Vapours          Alch/Air       90%        N/A       1%          2
 Momentum Strike          Conj/Tloc      28%        3d8       1%          2
 Static Discharge         Conj/Air       78%        3-7/arc   1%          2
 Inner Flame              Hex/Fire       36%        N/A       1%          3
 Dazzling Flash           Conj/Hex       28%        N/A       3%          3
 Hailstorm                Conj/Ice       14%        3d6       3%          3
 Frozen Ramparts          Ice            24%        1d4       4%          3
 Summon Lightning Spire   Summ/Air       37%        N/A       4%          4
 Necrotise                Necr           48%        1d6       5%          1
 Blink                    Tloc           24%        N/A       8%          2
 Lesser Beckoning         Tloc           24%        N/A       8%          2
 Vampiric Draining        Necr           12%        2d6       16%         3
 Petrify                  Alch/Erth      19%        N/A       26%         4
 Martyr's Knell           Necr/Summ      12%        N/A       45%         4
 Silence                  Hex/Air        18%        N/A       14%         5
 Irradiate                Conj/Alch      10%        3d15      16%         5
 Conjure Ball Lightning   Conj/Air       19%        3x3d6     17%         6
 Ignition                 Fire           28%        3d9       63%         8
 Curse of Agony           Necr           12%        N/A       82%         5
 Summon Forest            Summ/Tloc      6%         N/A       82%         5
 Summon Mana Viper        Hex/Summ       12%        N/A       82%         5
 Sculpt Simulacrum        Ice/Alch       9%         N/A       99%         6
 Summon Cactus Giant      Summ           6%         N/A       100%        6
 Ozocubu's Refrigeration  Ice            6%         4d8       100%        7
 Discord                  Hex            6%         N/A       100%        8
 Disjunction              Tloc           6%         N/A       100%        8
 Fulsome Fusillade        Conj/Alch      10%        (3-5)d6   100%        8
 Polar Vortex             Ice            6%         N/A       100%        9


Dungeon Overview and Level Annotations

Branches:
Dungeon (11/15)            Temple (1/1) D:4            Lair (5/5) D:11
  Swamp (0/4) Lair:3       Spider (0/4) Lair:2        Slime (0/5) Lair:4
    Orc (2/2) D:10            Elf (0/3) Orc:2         Sewer (visited)
  IceCv (visited)         Volcano (visited)

Altars:
Ashenzari
Cheibriados
Dithmenos
Elyvilon
Fedhas
Gozag
Hepliaklqana
Kikubaaqudgha
Makhleb
Nemelex Xobeh
Okawaru
Qazlal
Ru
Sif Muna
Trog
Uskayaw
Vehumet
Wu Jian
Xom
Yredelemnul
Zin
The Shining One
Jiyva

Shops:
D:7 **   D:8 [   D:10 *   Orc:1 ?   Orc:2 !

Annotations:
D:4 Natasha
D:5 2 transporters, Chish's ghost, novice NaHu
D:7 Maggie
D:10 2 runed translucent doors
Lair:3 3 runed translucent doors, systembuster's ghost, journeyman MiFi
Orc:2 Saint Roka


Innate Abilities, Weirdness & Mutations

You can wield a second weapon in your off-hand.
It takes a long time for you to wield or remove held weapons.
Your first few attacks do less damage.
You cannot equip rings or amulets.


Message History

Beogh smites you!
* * * LOW HITPOINT WARNING * * *
The orc wizard mumbles some strange words.
The orc wizard flickers and vanishes!
As you read the scroll of fog, it dissolves into smoke.
An orc priest comes into view. It is wielding a +0 war axe.
Things that are here:
a +0 mace; an orc skeleton Magic courses through your body.
Casting: Ignite Poison (mildly dangerous; 1% risk of failure)
Confirm with . or Enter, or press ? or * to list all spells.
Aiming: Airstrike (safe; 1% risk of failure)
Press: ? - help, Dir - move target, f - Saint Roka
Aim: Saint Roka, wielding a +0 war axe and wearing a +0 plate armour (purple smoke, almost dead, empty space bonus: 8/8)
The air twists around and strikes Saint Roka!
Saint Roka is almost dead.
Saint Roka calls down the wrath of Beogh upon you.
Beogh smites you!
* * * LOW HITPOINT WARNING * * *
Unknown command.
Casting: Airstrike (safe; 1% risk of failure)
Confirm with . or Enter, or press ? or * to list all spells.
Aiming: Airstrike (safe; 1% risk of failure)
Press: ? - help, Dir - move target, f/p - Saint Roka
Aim: Saint Roka, wielding a +0 war axe and wearing a +0 plate armour (purple smoke, almost dead, empty space bonus: 8/8)
The air twists around and strikes Saint Roka!
Saint Roka is almost dead.
The orc priest misses you.
Casting: Airstrike (safe; 1% risk of failure)
Confirm with . or Enter, or press ? or * to list all spells.
Aiming: Sticky Flame (mildly dangerous; 1% risk of failure)
Press: ? - help, Shift-Dir - straight line, f/p - Saint Roka
Aim: Saint Roka, wielding a +0 war axe and wearing a +0 plate armour (purple smoke, almost dead)
The sticky flame hits Saint Roka.
Saint Roka is almost dead.
Saint Roka burns!
Saint Roka invokes the aid of Beogh against you.
Beogh smites you!
You die...
Saint Roka roars, "Praise to Beogh!"

..[[[...[...#.###.##..,,,,,* *,,,
...##.#......##....#..#.#,** **,*
...###.).................********
#.## #).................#*,**,***
...###....[..............,,,,,,**
....#....)[..§§.......o..,,,,,***
.#..##[.[.[.[§.§#§§§.....,,,,,* *
##......)[)..§§o§o§§.....,,,,****
#.......[)[))o§§@§§§.....,,,,,*,*
...######.[o######§))....,,,,,,,,
..##,...........,*#{..)).,,,,,,,,
.#*,,...........,,*#.....,,,,,,,,
,*,.....#####.....,*.....,,,,,,,,
,*,.....,*,*,.....,*,....,,,,,>,,
,*,....#,,,,,#....,*,,...,,,,,,,,
,*,...#**,,,**#...,*,,...,,,,,*,,
,*,,*,,*,,,,,*,,*,,*,,,,,,,,,,,,,


You could see Saint Roka (burning) and an orc priest.

Vanquished Creatures
  Kirke (Lair:3)
  2 orc warlords
  A red draconian (Volcano)
  A dire elephant (Lair:5)
  Snorg (Lair:4)
  8 hydras
  A catoblepas (Lair:5)
  2 ogre magi
  13 two-headed ogres
  A deep troll shaman (Lair:5)
  20 death yaks
  2 orc high priests (Orc:2)
  A skyshark (Lair:4)
  Sonja (Lair:4)
  Urug (D:10)
  A bog body (IceCv)
  A lindwurm (Lair:2)
  An orb spider (Lair:2)
  An orc knight (Orc:1)
  A necromancer (IceCv)
  4 orc sorcerers (Orc:2)
  An ugly thing (D:10)
  2 molten gargoyles (Volcano)
  4 kobold blastminers (Orc:2)
  2 ice statues (IceCv)
  13 elephants
  8 black mambas
  7 cane toads
  A gargoyle (D:11)
  3 anaconda simulacra (IceCv)
  13 komodo dragons
  4 rime drakes
  A freezing wraith (IceCv)
  4 ice devils (IceCv)
  8 polar bears
  2 trolls
  A hornet (D:8)
  3 blink frogs (Lair:1)
  16 dream sheep
  Grinder (D:5)
  Sigmund (D:5)
  4 wyverns
  2 wraiths
  2 dire elephant simulacra (IceCv)
  4 hogs (Lair:3)
  3 wargs (Orc:1)
  59 yaks
  2 fire bats (Volcano)
  5 basilisks
  2 steam dragons
  3 vampire mosquitoes (D:11)
  Edmund (D:5)
  5 harpy simulacra (IceCv)
  2 swamp worms (Lair:3)
  2 acid dragons
  19 water moccasins
  2 hell hounds (Lair:1)
  Duvessa (D:7)
  Pargi (Sewer)
  5 black bears
  4 ice beasts
  27 orc warriors
  2 sky beasts (D:6)
  8 ogres
  15 wolves
  2 centaurs
  A kobold brigand (D:9)
  20 bullfrogs
  A gnoll sergeant (D:7)
  7 scorpions
  A two-headed ogre simulacrum (IceCv)
  A wight (D:9)
  Dowan (D:7)
  2 elephant simulacra (IceCv)
  15 killer bees
  3 howler monkeys (D:10)
  An electric eel (Lair:4)
  5 lava snakes (Volcano)
  A wyvern simulacrum (D:9)
  3 bombardier beetles
  4 hounds (D:4)
  5 jellies
  17 orc priests
  2 sleepcaps
  Ijyb (D:4)
  4 iguanas
  Natasha (twice) (D:4)
  A troll simulacrum (IceCv)
  34 orc wizards
  A spriggan simulacrum (IceCv)
  A centaur simulacrum (D:9)
  10 gnolls
  4 adders
  2 shadow imps
  A howler monkey simulacrum (D:9)
  7 white imps
  An ufetubus (D:9)
  3 dart slugs
  4 ribbon worms
  62 orcs
  8 ball pythons
  6 bats
  14 endoplasms
  6 giant cockroaches
  5 goblins
  6 hobgoblins
  7 jackals
  7 quokkas
  4 frilled lizards
  15 kobolds
  5 rats
653 creatures vanquished.

Vanquished Creatures (collateral kills)
  A warg (Orc:2)
  An ice beast (D:6)
  A wolf (Lair:4)
  A killer bee (D:5)
  An orc wizard (D:6)
  An orc (D:6)
6 creatures vanquished.

Vanquished Creatures (others)
  2 wargs
  A water elemental (D:10)
  A wolf (Lair:4)
  An orc wizard (Orc:2)
5 creatures vanquished.

Grand Total: 664 creatures vanquished

Notes
Turn   | Place    | Note
-------+----------+-------------------------------------------
     0 | D:1      | Shayle the Coglin Alchemist began the quest for the Orb.
     0 | D:1      | Reached XP level 1. HP: 13/13 MP: 3/3
   172 | D:1      | Reached XP level 2. HP: 20/20 MP: 1/4
   297 | D:1      | Reached skill level 1 in Fighting
   466 | D:1      | Reached skill level 1 in Ranged Weapons
   466 | D:1      | Reached XP level 3. HP: 26/26 MP: 2/5
  1466 | D:2      | Reached XP level 4. HP: 14/33 MP: 6/6
  2584 | D:4      | Found a staircase to the Ecumenical Temple.
  2593 | Temple   | Entered the Ecumenical Temple
  2632 | Temple   | Became a worshipper of Vehumet
  2895 | D:4      | Reached XP level 5. HP: 37/39 MP: 7/7
  2942 | D:4      | Noticed a black bear
  2972 | D:4      | Killed a black bear
  2973 | D:4      | Reached XP level 6. HP: 36/47 MP: 3/8
  3283 | D:4      | Found a snail-covered altar of Cheibriados.
  3397 | D:4      | Noticed Natasha
  3405 | D:4      | Killed Natasha
  3473 | D:4      | Reached * piety under Vehumet
  3473 | D:4      | Offered knowledge of Kiss of Death by Vehumet.
  3950 | D:4      | Found a sacrificial altar of Ru.
  3954 | D:4      | Noticed Natasha
  3968 | D:4      | Reached XP level 7. HP: 47/53 MP: 9/9
  3979 | D:4      | Killed Natasha
  4093 | D:4      | Found an ornate altar of the Wu Jian Council.
  4186 | D:4      | Noticed Natasha
  4265 | D:5      | Entered Level 5 of the Dungeon
  4266 | D:5      | Noticed Ijyb
  4299 | D:5      | Noticed Grinder
  4602 | D:4      | Killed Ijyb
  4619 | D:4      | Learned a level 3 spell: Mephitic Cloud
  4679 | D:5      | Found a burning altar of Makhleb.
  4686 | D:5      | Noticed Sigmund
  4714 | D:5      | Killed Sigmund
  4746 | D:5      | Reached skill level 5 in Fighting
  4746 | D:5      | Reached XP level 8. HP: 33/62 MP: 5/10
  4751 | D:5      | Reached skill level 5 in Dodging
  4887 | D:5      | Found a glowing drain.
  4903 | Sewer    | Entered a sewer
  5059 | Sewer    | Noticed Pargi
  5069 | Sewer    | Killed Pargi
  5069 | Sewer    | Offered knowledge of Freeze by Vehumet.
  5070 | Sewer    | Reached skill level 5 in Ranged Weapons
  5173 | D:5      | Found a transporter.
  5212 | D:5      | Reached ** piety under Vehumet
  5297 | D:5      | Killed Grinder
  5477 | D:5      | Found a transporter.
  5506 | D:5      | Identified the +7 trident "Jelly's Demise" {chaos, Will+
                  | Dex+2}
  5506 | D:5      | Identified the +1 buckler "Jainomeu" {Str+3}
  5506 | D:5      | Noticed Chish's ghost (novice NaHu)
  5675 | D:5      | Found a shadowy altar of Dithmenos.
  5735 | D:5      | Reached XP level 9. HP: 42/71 MP: 11/11
  6164 | D:5      | Noticed Edmund
  6165 | D:5      | Found a blossoming altar of Fedhas.
  6182 | D:5      | Killed Edmund
  7187 | D:6      | Offered knowledge of Inner Flame by Vehumet.
  8084 | D:7      | Found an opulent altar of Gozag.
  8084 | D:7      | Found Gozag's Platinum Reserve.
  8132 | D:7      | Found Zidif's General Store.
  8145 | D:7      | Bought a wand of light (5) for 315 gold pieces
  8180 | D:7      | Reached *** piety under Vehumet
  8202 | D:7      | Learned a level 4 spell: Olgreb's Toxic Radiance
  8278 | D:7      | Noticed Dowan
  8279 | D:7      | Noticed Maggie
  8327 | D:6      | Reached skill level 1 in Long Blades
  8411 | D:6      | Reached skill level 1 in Armour
  8488 | D:6      | Reached skill level 2 in Long Blades
  8488 | D:6      | Reached XP level 10. HP: 35/80 MP: 13/13
  8974 | D:7      | Noticed Duvessa
  8990 | D:7      | Killed Duvessa
  8991 | D:7      | Reached skill level 3 in Long Blades
  8994 | D:7      | Killed Dowan
  9368 | D:8      | Paralysed by a hornet for 1 turns
  9372 | D:8      | Paralysed by a hornet for 1 turns
  9376 | D:8      | Reached skill level 4 in Long Blades
  9467 | D:8      | Noticed a two-headed ogre
  9484 | D:8      | Killed a two-headed ogre
  9485 | D:8      | Reached skill level 5 in Long Blades
 10115 | D:8      | Found Waatamiq's Armour Shop.
 10382 | D:9      | Offered knowledge of Stone Arrow by Vehumet.
 10383 | D:9      | Reached skill level 6 in Long Blades
 10387 | D:9      | Reached skill level 1 in Fire Magic
 10927 | D:9      | Reached XP level 11. HP: 89/89 MP: 14/17
 11216 | D:8      | Learned a level 4 spell: Sticky Flame
 11289 | D:9      | Reached skill level 7 in Long Blades
 11868 | D:9      | Reached **** piety under Vehumet
 12011 | D:10     | Entered Level 10 of the Dungeon
 12054 | D:10     | Noticed a purple ugly thing
 12064 | D:10     | Killed a purple ugly thing
 12196 | D:10     | Found Xeinis's Lightly-Used Armoury.
 12198 | D:10     | Found a large runed translucent door.
 12198 | D:10     | Found a large runed translucent door.
 12205 | D:10     | Found a staircase to the Orcish Mines.
 12429 | D:10     | Offered knowledge of Ignite Poison by Vehumet.
 12439 | D:10     | Reached skill level 5 in Spellcasting
 12445 | D:10     | Learned a level 4 spell: Ignite Poison
 12451 | D:10     | Reached skill level 5 in Armour
 12734 | D:10     | Found a glowing silver altar of Zin.
 12735 | D:10     | Noticed Urug
 12747 | D:10     | Killed Urug
 12748 | D:10     | Reached skill level 8 in Long Blades
 13593 | D:11     | Reached ***** piety under Vehumet
 13625 | D:11     | Offered knowledge of Bombard by Vehumet.
 13782 | D:11     | Reached skill level 10 in Fighting
 13889 | D:11     | Found a staircase to the Lair.
 13898 | Lair:1   | Entered Level 1 of the Lair of Beasts
 13923 | Lair:1   | Reached skill level 9 in Long Blades
 13923 | Lair:1   | Reached XP level 12. HP: 71/97 MP: 10/20
 14175 | Lair:1   | Found a dark tunnel.
 14194 | Volcano  | Entered a volcano
 14217 | Volcano  | Learned a level 4 spell: Airstrike
 14765 | Volcano  | Reached skill level 1 in Air Magic
 14986 | Volcano  | Found a burning altar of Makhleb.
 14986 | Volcano  | Noticed a two-headed ogre
 14986 | Volcano  | Noticed an ogre mage
 14986 | Volcano  | Noticed a two-headed ogre
 14986 | Volcano  | Noticed a two-headed ogre
 14990 | Volcano  | Killed a two-headed ogre
 14990 | Volcano  | Killed a two-headed ogre
 14991 | Volcano  | Reached skill level 10 in Long Blades
 14992 | Volcano  | Killed a two-headed ogre
 14994 | Volcano  | Killed an ogre mage
 14995 | Volcano  | Reached skill level 11 in Long Blades
 15022 | Volcano  | Noticed a two-headed ogre
 15031 | Volcano  | Killed a two-headed ogre
 15415 | Volcano  | Noticed a red draconian
 15438 | Volcano  | Killed a red draconian
 15615 | Lair:1   | Reached skill level 12 in Long Blades
 15747 | Lair:1   | Reached skill level 5 in Air Magic
 15843 | Lair:1   | Identified the ring "Maib" {rElec Will+ EV+5 Str-2 Dex+4}
 16029 | Lair:1   | Reached XP level 13. HP: 90/104 MP: 17/22
 17083 | Lair:2   | Identified the +2 trident of the Dull God {flame, rElec
                  | rPois rC+ Stlth+}
 17812 | Lair:2   | Found a hole to the Spider Nest.
 17973 | Lair:2   | Offered knowledge of Plasma Beam by Vehumet.
 18959 | Lair:3   | Upgraded the game from 0.32-a0-996-gb3226c233f to
                  | 0.32-a0-999-gfa1cc04b1d
 19078 | Lair:3   | HP: 5/104 [seven-headed hydra (12)]
 19425 | Lair:3   | Found a runed translucent gate.
 19425 | Lair:3   | Found a runed translucent gate.
 19426 | Lair:3   | Found a runed translucent gate.
 19435 | Lair:3   | Learned a level 6 spell: Plasma Beam
 19496 | Lair:3   | Noticed Kirke
 19497 | Lair:3   | Reached skill level 5 in Fire Magic
 19506 | Lair:3   | Noticed systembuster's ghost (journeyman MiFi)
 19811 | Lair:3   | Noticed a sphinx
 19816 | Lair:3   | Killed Kirke
 19938 | Lair:3   | Reached XP level 14. HP: 86/111 MP: 9/26
 19938 | Lair:3   | Acquired a pneumatic gyrosubsystem {rPois rCorr Slay+3 Clar
                  | RMsl}
 20032 | Lair:3   | Found a staircase to the Swamp.
 20693 | Lair:4   | Noticed Snorg
 20707 | Lair:4   | Killed Snorg
 20948 | Lair:4   | Found a viscous altar of Jiyva.
 21108 | Lair:4   | Reached skill level 10 in Air Magic
 21112 | Lair:4   | Offered knowledge of Spellforged Servitor by Vehumet.
 21496 | Lair:4   | Noticed Sonja
 21501 | Lair:4   | Killed Sonja
 21852 | Lair:4   | Found the +7 lajatang of Order {silver, rMut}
 22084 | Lair:4   | Found a staircase to the Slime Pits.
 22219 | Lair:5   | Entered Level 5 of the Lair of Beasts
 23429 | Lair:5   | Reached XP level 15. HP: 114/116 MP: 17/27
 23710 | Lair:5   | Offered knowledge of Eringya's Noxious Bog by Vehumet.
 24031 | Lair:5   | Learned a level 6 spell: Eringya's Noxious Bog
 25073 | Orc:1    | Entered Level 1 of the Orcish Mines
 25081 | Orc:1    | Found Becur's Magic Scroll Boutique.
 25101 | Orc:1    | Reached skill level 10 in Fire Magic
 25106 | Orc:1    | Reached skill level 10 in Spellcasting
 25126 | Orc:2    | Entered Level 2 of the Orcish Mines
 25177 | Orc:2    | Found Engok's Distillery.
 25185 | Orc:1    | Noticed an orc warlord
 25215 | Orc:1    | Killed an orc warlord
 25241 | Orc:1    | Found a frozen archway.
 25432 | IceCv    | Entered an ice cave
 26816 | Orc:2    | Noticed an orc warlord
 26940 | Orc:2    | Killed an orc warlord
 27076 | Orc:2    | Bought a potion of ambrosia for 136 gold pieces
 27076 | Orc:2    | Bought a potion of invisibility for 136 gold pieces
 27076 | Orc:2    | Bought a potion of curing for 51 gold pieces
 27076 | Orc:2    | Bought a potion of curing for 51 gold pieces
 27296 | Orc:2    | Reached ****** piety under Vehumet
 27655 | Orc:1    | Bought a scroll of teleportation for 48 gold pieces
 27655 | Orc:1    | Bought a scroll of identify for 32 gold pieces
 27856 | Orc:2    | Noticed Saint Roka
 27865 | Orc:2    | Offered knowledge of Freezing Cloud by Vehumet.
 27891 | Orc:2    | Killed from afar by Saint Roka

Illustrated notes

Levels and vault maps discovered:
D:1:      minmay_arrival_open_corners, layout_loops_ring
D:2:      layout_rooms, minmay_misc_feat_secret_circle, minmay_misc_feat_cross,
          minmay_fractal_squares_gapless_5
D:3:      layout_loops_corners
D:4:      minmay_razor_zed, layout_loops_corners, nicolae_wu_jian_wuxing_cycle,
          mainiacjoe_overflow_brackets, mainiacjoe_overflow_tiny_flanked,
          minmay_temple_entry_waves, eino_tiny_chamber, nrook_loot_triangle,
          uniq_natasha
D:5:      layout_loops_ring, nicolae_overflow_crystal_walls,
          mainiacjoe_overflow_small_starburst, fedhas_altar_fruit_tree,
          gammafunk_ghost_gnarly_gnolls, gup_sewer_entry_bubbles, uniq_grinder,
          uniq_ijyb, uniq_sigmund, uniq_edmund
D:6:      layout_loops_ring, grunt_ministairs_7, minmay_manual_mess
D:7:      layout_rooms, nicolae_gozag_zags_fifth_avenue, serial_shops, shop,
          uniq_duvessa, uniq_maggie
D:8:      layout_loops_ring, serial_shops, shop
D:9:      layout_loops_ring, serial_ice, serial_ice_c, serial_ice_i,
          serial_ice_h, serial_ice_d
D:10:     layout_irregular_city, mainiacjoe_overflow_alcove_4, david_orc_2,
          serial_column_ruins, column_ruins_open_large, column_ruins_open_tiny,
          column_ruins_columns_dead_end, minmay_shop_damaged,
          grunt_decor_resistance, lightli_elemental_guards, uniq_urug
D:11:     layout_small_grid, due_lair_maze_entry_diamond
Temple:   nicolae_temple_two_arcs
Lair:1:   layout_cave_pods, enter_volcano_3, serial_bayou_shore_b
Lair:2:   layout_regular_city, nicolae_spider_entry_orb_guardian, wad_woods_06
Lair:3:   layout_regular_city, palyth_hydra_swamp_entry,
          ebering_ghost_rock_garden, uniq_kirke
Lair:4:   layout_regular_city, slime_entry_2, gammafunk_lair_bear_cave,
          grunt_megastairs_5, uniq_sonja, uniq_snorg
Lair:5:   grunt_lair_end_beastmaster, layout_regular_city, st_stairs_5,
          grunt_megastairs_2, lemuel_fruit_tree
Orc:1:    layout_caves, serial_shops, nicolae_shop_tiny_waterfront,
          portal_ice_cave_entry_pillars_1
Orc:2:    st_orc_mages, layout_caves, serial_shops,
          nicolae_shop_industrial_runoff, basic_altar, uniq_saint_roka

Skill      XL: |  1  2  3  4  5  6  7  8  9 10 11 12 13 14 15 |
---------------+----------------------------------------------+-----
Dodging        | 2 3 4 6 7 |  7.2
Fighting       | 1 2 3 5 6 7 9 10 | 10.3
Ranged Weapons | 1 2 3 4 5 6 |  6.9
Long Blades    | 2 6 9 12 | 12.1
Armour         | 1 4 5 6 |  6.1
Spellcasting   | 2 4 5 6 8 11 | 11.4
Fire Magic     | 1 4 5 9 11 | 11.0
Air Magic      | 5 8 11 | 11.5
Stealth        | |  1.5
Conjurations   | |  0.8
Alchemy        | |  3.2

Action                     |  1- 3 |  4- 6 |  7- 9 | 10-12 | 13-15 || total
---------------------------+-------+-------+-------+-------+-------++-------
  Melee: Short sword       |    25 |       |       |       |       ||    25
         Falchion          |    37 |   114 |   294 |   333 |     3 ||   781
         Trident           |    18 |   115 |   288 |   348 |   501 ||  1270
   Cast: Sting             |    35 |    13 |    70 |    23 |       ||   141
         Mephitic Cloud    |       |       |    14 |    41 |    67 ||   122
         Sticky Flame      |       |       |       |    42 |    85 ||   127
         Olgreb's Toxic Ra |       |       |       |    17 |    77 ||    94
         Airstrike         |       |       |       |    19 |   116 ||   135
         Ignite Poison     |       |       |       |     4 |    81 ||    85
         Plasma Beam       |       |       |       |       |     8 ||     8
Ability: Invent Gizmo      |       |       |       |       |     1 ||     1
  Evoke: Wand              |       |       |    11 |     8 |    20 ||    39
    Use: Potion            |     2 |     1 |     5 |     4 |    10 ||    22
         Scroll            |       |     2 |    20 |     4 |    15 ||    41
   Stab: Sleeping          |       |     4 |     1 |     2 |     1 ||     8
         Confused          |       |       |    12 |    46 |    16 ||    74
         Invisible         |       |       |     2 |       |     2 ||     4
         Distracted        |       |       |       |       |     1 ||     1
 Armour: Robe              |    17 |       |   224 |   284 |   399 ||   924
         Leather armour    |    29 |    95 |    23 |       |       ||   147
         Skin              |       |       |       |       |     5 ||     5
  Dodge: Dodged            |    43 |    98 |   260 |   279 |   356 ||  1036
         Repelled          |       |       |       |       |    12 ||    12

Table legend: (Time is in decaauts)
 A = Elapsed time spent in this place.
 B = Non-inter-level travel time spent in this place.
 C = Inter-level travel time spent in this place.
 D = Time resting spent in this place.
 E = Time spent auto-exploring this place.
 F = Levels seen in this place.
 G = Mean time per level.
                   A        B        C        D        E       F      G
               +--------+--------+--------+--------+--------+-----+--------+
         Total |  28288 |  27409 |    879 |   8592 |  12386 |  22 | 1285.8 |
       Dungeon |  13889 |  13288 |    601 |   2887 |   7030 |  11 | 1262.6 |
        Temple |     49 |     39 |     10 |      0 |      0 |   1 |   49.0 |
          Lair |   9809 |   9577 |    232 |   3169 |   4845 |   5 | 1961.8 |
  Orcish Mines |   1734 |   1699 |     35 |    758 |    441 |   2 |  867.0 |
         Sewer |    255 |    255 |      0 |     85 |     38 |   1 |  255.0 |
      Ice Cave |   1133 |   1133 |      0 |    726 |     27 |   1 | 1133.0 |
       Volcano |   1416 |   1416 |      0 |    967 |      4 |   1 | 1416.0 |
               +--------+--------+--------+--------+--------+-----+--------+

Top non-repeatable levels by time:
  Lair:4: 2380 daAuts
  Lair:3: 2076 daAuts
     D:4: 2068 daAuts
  Lair:5: 2016 daAuts
     D:5: 1926 daAuts
  Lair:1: 1682 daAuts
     D:6: 1677 daAuts
  Lair:2: 1654 daAuts
    D:10: 1424 daAuts
 Volcano: 1416 daAuts
     D:8: 1397 daAuts
     D:9: 1387 daAuts
   IceCv: 1133 daAuts
   Orc:1: 1001 daAuts
     D:3: 918 daAuts
